 Dungeon Crawl Stone Soup version 0.27.0-1-g7a089689b8 (webtiles) character file.

Game seed: 3443768011988813182

590 Einstein the Conjurer (level 7, -4/50 HPs)
             Began as a Formicid Conjurer on Aug 1, 2021.
             Slain by a killer bee (5 damage)
             ... on level 5 of the Dungeon.
             The game lasted 00:11:40 (3473 turns).

Einstein the Conjurer (Formicid Conjurer)           Turns: 3473, Time: 00:11:41

Health: -4/50      AC:  4    Str: 12    XL:     7   Next: 66%
Magic:  16/23      EV: 12    Int: 20    God:
Gold:   101        SH:  0    Dex: 11    Spells: 13/16 levels left

rFire    . . .     SeeInvis +   a - +2 short sword (venom)
rCold    . . .     Faith    .   (no shield)
rNeg     . . .     Spirit   .   k - +0 robe
rPois    .         Reflect  .   (helmet unavailable)
rElec    .         Harm     .   (no cloak)
rCorr    .         Rampage  .   q - +0 pair of gloves
Will     .....                  u - +0 pair of boots
Stlth    +++.......             r - amulet of regeneration
HPRegen  1.16/turn              v - ring of Descent {Int+3 Slay+4 Stlth+}
MPRegen  0.18/turn              G - ring of magical power

@: mighty, lethally poisoned (-4 -> -6)
A: permanent stasis, dig shafts and tunnels, antennae 3, four strong arms
a: Dig, Shaft Self


You were on level 5 of the Dungeon.
You visited 1 branch of the dungeon, and saw 5 of its levels.

You collected 206 gold pieces.
You spent 105 gold pieces at shops.

Inventory:

Hand Weapons
 a - a +2 short sword of venom (weapon)
 b - a +0 falchion
 x - a +2 vampiric dagger
Missiles
 c - 8 boomerangs
 d - 68 bolts
 g - 109 stones
 p - 86 arrows
 s - 27 sling bullets
 C - 7 poisoned darts
 F - 3 curare-tipped darts
Armour
 k - a +0 robe (worn)
 q - a +0 pair of gloves (worn)
 u - a +0 pair of boots (worn)
Magical Staves
 o - a staff of air
Jewellery
 r - an amulet of regeneration (around neck)
 v - the ring of Descent (left hand) {Int+3 Slay+4 Stlth+}
   (You found it on level 4 of the Dungeon)

   [ring of slaying]

   Int:       It affects your intelligence (+3).
   Slay:      It affects your accuracy & damage with ranged weapons and melee
   (+4).
   Stlth:     It makes you more stealthy.
 A - a ring of wizardry
 G - a ring of magical power (right hand)
 Z - a ring of willpower
Scrolls
 e - 3 scrolls of noise
 f - 2 scrolls of enchant weapon {unknown}
 h - 3 scrolls of fear
 m - 2 scrolls of enchant armour
 n - a scroll of vulnerability {unknown}
 t - a scroll of holy word {unknown}
 w - a scroll of fog
 y - a scroll of amnesia {unknown}
 z - a scroll of identify
 E - a scroll of summoning {unknown}
 I - a scroll of magic mapping {unknown}
Potions
 i - a potion of cancellation {unknown}
 j - a potion of might
 l - 2 potions of curing {unknown}
 B - a potion of magic {unknown}
 D - a potion of attraction {unknown}
 H - a potion of degeneration {unknown}


   Skills:
 - Level 2.0 Fighting
 - Level 2.0 Armour
 - Level 1.7 Dodging
 - Level 2.4 Stealth
 * Level 5.3 Spellcasting
 - Level 6.0 Conjurations


You had 13 spell levels left.
You knew the following spells:

 Your Spells              Type           Power      Damage    Failure   Level
a - Searing Ray           Conj           58%        3d5       1%          2
c - Magic Dart            Conj           100%       1d8       1%          1

Your spell library contained the following spells:

 Spells                   Type           Power      Damage    Failure   Level
 Dazzling Flash           Conj/Hex       34%        N/A       10%         3
 Fulminant Prism          Conj/Hex       8%         3d7       32%         4
 Iskenderun's Mystic Bla  Conj/Tloc      17%        2d5       32%         4


Dungeon Overview and Level Annotations

Branches:
Dungeon (5/15)
 Temple: D:4-7

Altars:
Gozag
Zin

Shops:
D:3 [[(?[

Annotations:
D:5 Ijyb


Innate Abilities, Weirdness & Mutations

You cannot be hasted, slowed, berserked, paralysed or teleported.
You can dig through walls and to a lower floor.
You have a pair of large antennae on your head. (SInv)
Your four strong arms can wield two-handed weapons with a shield.


Message History

You are more poisoned.
The killer bee poisons you!
You dig through the rock wall.
You feel very sick.
You hear a shout!
The killer bee stings you.
You are more poisoned.
The killer bee poisons you!
You dig through the rock wall.
You feel very sick. The killer bee stings you! The killer bee stings you.
You are lethally poisoned!
The killer bee poisons you!
Casting: Searing Ray (safe; 1% risk of failure)
Confirm with . or Enter, or press ? or * to list all spells.
Aiming: Searing Ray (safe; 1% risk of failure)
Press: ? - help, Shift-Dir - straight line, f - killer bee
Aim: a killer bee (58% to hit)
The searing ray misses the killer bee. x2
The searing ray hits the killer bee!
The killer bee is heavily wounded.
The searing ray hits the ufetubus!
You kill the ufetubus! (Press . to maintain the ray.)
You feel very sick. The killer bee closely misses you. x2
The searing ray misses the killer bee. x2
The searing ray hits the killer bee!
The killer bee is almost dead.
You feel very sick.
The killer bee stings you but does no damage.
The killer bee closely misses you.
Okay, then.
It was a potion of might.
You feel very mighty all of a sudden.
You feel sick.
The killer bee stings you but does no damage.
The killer bee stings you.
You die...

#.#.#.##.#
#.........
#.#.#.#...
#†#.#.####
#.#..<....
#.#####........#
#.........#.##..
#########.#.#.####
#@yyy.##..#.#.....
######.#.##.######
#............
#.###.##.#### ...
#.##.##### #.#
#.##...... #.
#.y....y.. .
#......{...... #
#..........##.


You could see 3 killer bees.

Vanquished Creatures
  2 black bears
  A howler monkey (D:4)
  A hound (D:4)
  An orc priest (D:3)
  A centaur skeleton (D:4)
  2 iguanas
  2 orc wizards (D:3)
  8 adders
  A white imp (D:5)
  An ufetubus (D:5)
  2 adder skeletons (D:4)
  4 worms
  A dart slug (D:4)
  6 orcs
  5 ball pythons
  5 endoplasms
  2 giant cockroaches
  6 goblins
  5 hobgoblins
  12 jackals
  4 quokkas
  4 frilled lizards
  6 kobolds
  4 rats
86 creatures vanquished.

Vanquished Creatures (others)
  7 plants (D:2)
7 creatures vanquished.

Grand Total: 93 creatures vanquished

Notes
Turn   | Place    | Note
-------+----------+-------------------------------------------
     0 | D:1      | Einstein the Formicid Conjurer began the quest for the Orb.
     0 | D:1      | Reached XP level 1. HP: 13/13 MP: 3/3
   530 | D:1      | Reached XP level 2. HP: 16/19 MP: 3/5
   533 | D:1      | Learned a level 2 spell: Searing Ray
   663 | D:1      | Found a faded altar of an unknown god.
   704 | D:1      | Reached skill level 4 in Conjurations
  1023 | D:2      | Reached XP level 3. HP: 23/24 MP: 1/6
  1172 | D:2      | Reached XP level 4. HP: 15/30 MP: 2/7
  1356 | D:2      | Reached skill level 5 in Conjurations
  1973 | D:3      | Reached XP level 5. HP: 28/35 MP: 0/8
  2012 | D:3      | Found Bos Baph's Armour Boutique.
  2038 | D:3      | Found an opulent altar of Gozag.
  2039 | D:3      | Found a glowing silver altar of Zin.
  2087 | D:3      | Found Meuwkod's Weapon Boutique.
  2098 | D:3      | Found Ylatewai's Antique Armour Boutique.
  2221 | D:3      | Found Liwucw's Antique Armour Shop.
  2281 | D:3      | Reached skill level 6 in Conjurations
  2360 | D:3      | Found Sexib's Magic Scroll Boutique.
  2368 | D:3      | Bought a scroll of noise for 10 gold pieces
  2368 | D:3      | Bought a scroll of identify for 20 gold pieces
  2368 | D:3      | Bought a scroll of fear for 35 gold pieces
  2368 | D:3      | Bought a scroll of fog for 20 gold pieces
  2368 | D:3      | Bought a scroll of identify for 20 gold pieces
  2662 | D:4      | Reached XP level 6. HP: 42/42 MP: 5/9
  2682 | D:4      | Reached skill level 1 in Fighting
  2682 | D:4      | Reached skill level 1 in Armour
  2727 | D:4      | Noticed a black bear
  2737 | D:4      | Killed a black bear
  2772 | D:4      | Identified the ring of Descent {Int+3 Slay+4 Stlth+}
  2864 | D:4      | Reached XP level 7. HP: 39/50 MP: 12/12
  3166 | D:5      | Entered Level 5 of the Dungeon
  3297 | D:5      | Reached skill level 5 in Spellcasting
  3303 | D:5      | Noticed Ijyb
  3472 | D:5      | HP: 2/50 [poisoned by a killer bee]
  3473 | D:5      | Slain by a killer bee

Illustrated notes

Levels and vault maps discovered:
D:1:      psy_arrival_heroes, layout_basic,
          dreamdust_ecumenical_altar_angels_and_demons, chequers_mini_garden
D:2:      minmay_spotlight, layout_basic, serial_bayou, serial_bayou_pond_c,
          serial_bayou_lake_a, serial_bayou_shore_a, serial_bayou_pond_c,
          serial_bayou_ford_a, minmay_heptomino_d4
D:3:      layout_basic, grunt_temple_overflow_gold_and_silver, serial_shops,
          nicolae_shop_stone, shop, nicolae_shop_crystal, shop, shop,
          eino_tiny_chamber
D:4:      layout_basic
D:5:      layout_basic, hangedman_decor_push, uniq_ijyb

Skill      XL: |  1  2  3  4  5  6  7 |
---------------+----------------------+-----
Conjurations   | 4 5 6 |  6.0
Fighting       | 2 |  2.0
Armour         | 2 |  2.0
Spellcasting   | 3 5 |  5.3
Dodging        | |  1.7
Stealth        | |  2.4

Action                   |  1- 3 |  4- 6 |  7- 9 || total
-------------------------+-------+-------+-------++-------
Melee: Short sword       |     9 |    40 |    22 ||    71
       Club              |     8 |       |       ||     8
       Falchion          |    13 |    36 |     1 ||    50
 Cast: Magic Dart        |    14 |    12 |     2 ||    28
       Searing Ray       |     4 |    15 |     7 ||    26
 Abil: Dig               |     4 |     7 |     3 ||    14
  Use: Scroll            |       |     2 |       ||     2
       Potion            |       |       |     1 ||     1
 Stab: Sleeping          |       |     3 |       ||     3
Armor: Robe              |    18 |    24 |     9 ||    51
Dodge: Dodged            |    41 |    66 |    25 ||   132
       Rpst.: Falchion   |    11 |    13 |       ||    24
